 Seeded DCSS version 0.27.1-35-g4d5d836560 (webtiles) character file.

Game seed: 5812934809817234 (custom seed)

148 xaos the Skirmisher (level 5, -2/42 HPs)
             Began as a Human Fighter on Mar 26, 2022.
             Killed by nerve-wracking pain
             ... invoked by Grinder
              (12 damage)
             ... on level 3 of the Dungeon.
             The game lasted 00:09:32 (3039 turns).

xaos the Skirmisher (Human Fighter)                 Turns: 3039, Time: 00:09:33

Health: -2/42      AC:  5    Str: 18    XL:     5   Next: 56%
Magic:  5/5        EV:  8    Int:  8    God:
Gold:   134        SH: 11    Dex: 12    Spells: 4/4 levels left

rFire    . . .     SeeInvis .   a - +0 long sword
rCold    . . .     Faith    .   j - +2 kite shield
rNeg     . . .     Spirit   .   k - +0 ring mail
rPois    .         Reflect  .   (no helmet)
rElec    .         Harm     .   (no cloak)
rCorr    .         Rampage  .   (no gloves)
Will     .....                  (no boots)
Stlth    +.........             (no amulet)
HPRegen  0.14/turn              (no ring)
MPRegen  0.09/turn              (no ring)

@: no status effects
A: no striking features
a: no special abilities


You were on level 3 of the Dungeon.
You visited 1 branch of the dungeon, and saw 3 of its levels.

You collected 134 gold pieces.

Inventory:

Hand Weapons
 a - a +0 long sword (weapon)
Missiles
 e - 20 sling bullets
 i - 19 poisoned darts (quivered)
Armour
 b - a +0 scale mail
 c - a +0 kite shield
 h - a +0 robe
 j - a +2 kite shield (worn)
 k - a +0 ring mail (worn)
Scrolls
 g - a scroll of magic mapping {unknown}
 m - a scroll of identify {unknown}
 n - a scroll of summoning {unknown}
 o - a scroll of acquirement {unknown}
Potions
 d - a potion of might
 f - 5 potions of curing {unknown}
 l - 3 potions of cancellation {unknown}
 p - a potion of invisibility {unknown}


   Skills:
 + Level 3.9 Fighting
 + Level 3.3 Long Blades
 + Level 3.4 Armour
 + Level 1.4 Dodging
 + Level 0.3 Stealth
 + Level 3.5 Shields


You had 4 spell levels left.
You didn't know any spells.
Your spell library contained the following spells:

 Spells                   Type           Power      Damage    Failure   Level
 Call Canine Familiar     Summ           0%         N/A       100%        3
 Portal Projectile        Hex/Tloc       0%         N/A       100%        3
 Leda's Liquefaction      Hex/Erth       0%         N/A       100%        4


Dungeon Overview and Level Annotations

Branches:
Dungeon (3/15)

Altars:

Annotations:
D:3 Grinder


Message History

The adder hisses angrily.
You block the adder's attack. You block the adder's attack.
Grinder blinks!
The adder bites you.
You are poisoned.
The adder poisons you!
You feel sick.
You feel sick.
You feel sick. You block the adder's attack.
Grinder blinks!
You block the adder's attack.
You see here a glowing green potion.
You feel sick.
You feel sick. The adder bites you but does no damage.
You feel sick.
You are no longer poisoned.
You block the adder's attack. You block the adder's attack.
The adder barely misses you.
You riposte.
You closely miss the adder.
Grinder blinks!
Grinder blinks!
You block the adder's attack.
You closely miss the adder. You block the adder's attack. x2
Your shield prevents you from hitting the adder.
The adder bites you.
* * * LOW HITPOINT WARNING * * *
You slash the adder!
You kill the adder!
Grinder gestures at you.
You suddenly lose the ability to move!
You can move again.
You start resting.
Grinder is nearby!
Grinder gestures at you. Pain shoots through your body!
* * * LOW HITPOINT WARNING * * *
Grinder gestures at you. You resist with significant effort.
Grinder gestures at you. Pain shoots through your body!
You die...

...........5...#..##.####.
#.#....######.#..........
##.####.### #.##.##...###
..........# #5##.##.#...
..#######5####.##.## ..
#............##.# #..#
#....##.####.##.# #..#
+.......####.##.# #..#
####.#.@.....##.# #..#
#.#..###.###.#####..#
##.#..# #.# #.##.....[
.....# #.# #.........
##.#####.##.# #.#
######....
.........##.###.### #.#.#
## ##.!.........# #.#.#
....####.#######.### #.#.#
.............# #.# #.#.#


You could see Grinder.

Vanquished Creatures
  Natasha (thrice) (D:2)
  3 adders
  A dart slug (D:2)
  4 ball pythons
  3 endoplasms (D:2)
  4 giant cockroaches
  5 goblins
  5 hobgoblins
  4 kobolds
  2 quokkas
  6 bats
  4 rats
44 creatures vanquished.

Notes
Turn   | Place    | Note
-------+----------+-------------------------------------------
     0 | D:1      | xaos the Human Fighter began the quest for the Orb.
     0 | D:1      | Reached XP level 1. HP: 18/18 MP: 1/1
   242 | D:1      | Found a faded altar of an unknown god.
   292 | D:1      | Reached XP level 2. HP: 19/24 MP: 2/2
   984 | D:2      | Noticed Natasha
   991 | D:2      | Killed Natasha
   992 | D:2      | Reached XP level 3. HP: 22/30 MP: 3/3
  1230 | D:2      | Reached XP level 4. HP: 37/37 MP: 4/4
  1241 | D:2      | Noticed Natasha
  1252 | D:2      | Killed Natasha
  1698 | D:2      | Noticed Natasha
  1717 | D:2      | Killed Natasha
  1718 | D:2      | Reached XP level 5. HP: 23/42 MP: 5/5
  2122 | D:2      | Reached skill level 1 in Dodging
  2914 | D:3      | Noticed Grinder
  2919 | D:3      | Paralysed by Grinder for 2 turns
  2927 | D:3      | Paralysed by Grinder for 5 turns
  2940 | D:3      | Paralysed by Grinder for 4 turns
  3000 | D:3      | Paralysed by Grinder for 2 turns
  3039 | D:3      | Killed from afar by Grinder

Illustrated notes

Levels and vault maps discovered:
D:1:      amcnicky_arrival_blooded_trapdoor, layout_basic,
          basic_ecumenical_altar
D:2:      layout_basic, uniq_natasha
D:3:      layout_basic, uniq_grinder

Skill      XL: |  1  2  3  4  5 |
---------------+----------------+-----
Long Blades    | 3 |  3.3
Dodging        | 1 |  1.4
Fighting       | |  3.9
Armour         | |  3.4
Stealth        | |  0.3
Shields        | |  3.5

Action                   |  1- 3 |  4- 6 || total
-------------------------+-------+-------++-------
Melee: Long sword        |    47 |   111 ||   158
Armor: Scale mail        |    16 |       ||    16
       Ring mail         |     4 |    36 ||    40
Dodge: Dodged            |     9 |    39 ||    48
Block: Kite shield       |    32 |    83 ||   115
       Rpst.: Long sword |     1 |    11 ||    12
